 Dungeon Crawl Stone Soup version 0.27.1-1-g398f81649c (webtiles) character file.

Game seed: 16393705358650612562

5295 MisterFreud the Blocker (level 10, -1/82 HPs)
             Began as a Gnoll Fighter on Sept 12, 2021.
             Was an Elder of Kikubaaqudgha.
             Slain by a hornet (8 damage)
             ... on level 9 of the Dungeon.
             The game lasted 00:13:45 (10884 turns).

MisterFreud the Blocker (Gnoll Fighter)            Turns: 10884, Time: 00:13:46

Health: -1/82      AC: 15    Str: 15    XL:     10   Next: 63%
Magic:  18/18      EV: 10    Int: 11    God:    Kikubaaqudgha [****..]
Gold:   618        SH: 11    Dex: 12    Spells: 19/19 levels left

rFire    . . .     SeeInvis .   z - +4 hand axe (freeze)
rCold    . . .     Faith    .   c - +0 kite shield
rNeg     . . .     Spirit   .   b - +0 scale mail
rPois    .         Reflect  .   q - +0 helmet
rElec    .         Harm     .   G - +0 cloak
rCorr    .         Rampage  .   (no gloves)
Will     .....                  (no boots)
Stlth    ++........             (no amulet)
HPRegen  0.23/turn              k - +4 ring of protection
MPRegen  0.16/turn              u - +4 ring of slaying

@: lethally poisoned (-1 -> -9), slowed, very slow
A: fangs 1, strong nose, distributed training
a: Renounce Religion, Receive Corpses


You were on level 9 of the Dungeon.
You worshipped Kikubaaqudgha.
Kikubaaqudgha was greatly pleased with you.
You visited 1 branch of the dungeon, and saw 9 of its levels.

You collected 618 gold pieces.

Inventory:

Hand Weapons
 a - a +1 rapier
 z - a +4 hand axe of freezing (weapon)
Missiles
 h - 57 poisoned darts (quivered)
 t - 14 boomerangs
 w - 4 throwing nets
Armour
 b - a +0 scale mail (worn)
 c - a +0 kite shield (worn)
 q - a +0 helmet (worn)
 G - a +0 cloak (worn)
Jewellery
 k - a +4 ring of protection (left hand)
 u - a +4 ring of slaying (right hand)
 A - a +6 ring of intelligence
Wands
 x - a wand of polymorph (8)
 y - a wand of mindburst (11)
Scrolls
 e - a scroll of fog {unknown}
 j - a scroll of holy word {unknown}
 l - 3 scrolls of enchant weapon
 n - 2 scrolls of amnesia
 o - a scroll of blinking
 p - 2 scrolls of fear {unknown}
 r - 4 scrolls of magic mapping {unknown}
 s - a scroll of vulnerability {unknown}
 v - 3 scrolls of teleportation {unknown}
 F - a scroll of identify
Potions
 d - 2 potions of might
 f - a potion of lignification
 g - a potion of curing
 i - a potion of brilliance
 m - a potion of ambrosia
 B - a potion of cancellation {unknown}
 C - a potion of flight {unknown}
 D - a potion of haste {unknown}
 E - a potion of attraction {unknown}


   Skills:
 + Level 8.6 Fighting
 + Level 7.2 Short Blades
 + Level 5.4 Long Blades
 + Level 5.4 Axes
 + Level 5.4 Maces & Flails
 + Level 5.4 Polearms
 + Level 5.4 Staves
 + Level 5.4 Slings
 + Level 5.4 Bows
 + Level 5.4 Crossbows
 + Level 5.4 Throwing
 + Level 8.6 Armour
 + Level 5.4 Dodging
 + Level 5.4 Stealth
 + Level 8.6 Shields
 + Level 5.4 Unarmed Combat
 + Level 5.4 Spellcasting
 + Level 4.5 Conjurations
 + Level 4.5 Hexes
 + Level 4.5 Summonings
 + Level 4.5 Necromancy
 + Level 4.5 Translocations
 + Level 4.5 Transmutations
 + Level 4.5 Fire Magic
 + Level 4.5 Ice Magic
 + Level 4.5 Air Magic
 + Level 4.5 Earth Magic
 + Level 4.5 Poison Magic
 + Level 6.0 Invocations
 + Level 5.4 Evocations


You had 19 spell levels left.
You didn't know any spells.
Your spell library contained the following spells:

 Spells                   Type           Power      Damage    Failure   Level
 Pain                     Necr           48%        1d6       24%         1
 Corpse Rot               Necr/Air       N/A        N/A       34%         2
 Sublimation of Blood     Necr           6%         N/A       34%         2
 Vampiric Draining        Necr           6%         2d6       56%         3
 Animate Dead             Necr           6%         N/A       93%         4
 Dispel Undead            Necr           12%        3d9       93%         4
 Borgnjor's Vile Clutch   Necr/Erth      6%         N/A       100%        5
 Fireball                 Conj/Fire      6%         3d5       100%        5
 Iskenderun's Battlesphe  Conj           12%        2d7       100%        5
 Conjure Ball Lightning   Conj/Air       6%         3x3d6     100%        6
 Death Channel            Necr           6%         N/A       100%        6
 Simulacrum               Ice/Necr       6%         N/A       100%        6
 Malign Gateway           Summ/Tloc      6%         N/A       100%        7
 Orb of Destruction       Conj           6%         9d3       100%        7
 Summon Horrible Things   Summ           6%         N/A       100%        8


Dungeon Overview and Level Annotations

Branches:
Dungeon (9/15)             Temple (0/1) D:5            Lair (0/6) D:8
    Orc: D:9-12

Altars:
Ashenzari
Gozag
Kikubaaqudgha
Makhleb
Nemelex Xobeh
Okawaru
Ru
Vehumet
The Shining One

Shops:
D:2 =

Annotations:
D:7 2 runed translucent doors, MeltyBlood's ghost, novice VSFi


Innate Abilities, Weirdness & Mutations

You have very sharp teeth.
Your uncanny sense of smell can sniff out nearby items.
Your experience applies equally to all skills.


Message History

The hornet is almost dead.
You feel sick. The hornet closely misses you. You block the hornet's attack.
The hornet misses you.
You hit the hornet. You freeze the hornet. Your bite misses the hornet.
The hornet is almost dead.
You feel sick.
The hornet stings you but does no damage.
You block the hornet's attack. The hornet stings you!
* * * LOW HITPOINT WARNING * * *
You are lethally poisoned!
You feel as though you will be slow longer.
Unknown command.
Unknown command.
Unknown command.
Unknown command.
You feel better. You block the hornet's attack. The hornet stings you!
* * * LOW HITPOINT WARNING * * *
You are lethally poisoned!
You feel as though you will be slow longer.
Unknown command.
You feel better. You block the hornet's attack. x2
You barely miss the hornet.
The hornet is almost dead.
You block the hornet's attack.
The hornet stings you but does no damage.
The hornet stings you.
* * * LOW HITPOINT WARNING * * *
You are lethally poisoned!
You feel as though you will be slow longer.
Unknown command.
Unknown command.
Unknown command.
Unknown command.
You closely miss the hornet.
The hornet is almost dead.
* * * LOW HITPOINT WARNING * * *
You feel very sick. The hornet stings you!
You die...
Kikubaaqudgha rasps: "You have failed me!
Welcome... death!"

..§..._.≈.≈..
..#####.§§≈...≈.§..
.......§§.≈≈≈≈≈.≈.#
........§.......≈..
........§≈§§§≈≈.≈....
.........§...........
.....................
...........@y.)......
.....................
+#..####.>...........
###.........#
#.!)[.....#
#..<......#
#######...# $..# .#


You could see a hornet.

Vanquished Creatures
  Harold (D:7)
  Grinder (D:5)
  A wyvern (D:9)
  5 yaks
  4 water moccasins
  Duvessa (D:6)
  2 orc warriors (D:8)
  An ice beast (D:7)
  A sky beast (D:5)
  A black bear (D:6)
  2 ogres
  2 centaurs (D:7)
  3 phantoms
  A kobold brigand (D:5)
  2 bullfrogs (D:8)
  2 scorpions (D:6)
  A water moccasin zombie (D:5)
  Dowan (D:6)
  4 killer bees (D:8)
  8 wights
  2 howler monkeys
  A bullfrog zombie (D:5)
  6 hounds
  2 jellies
  2 gnoll shamans (D:5)
  2 orc priests (D:7)
  A bullfrog skeleton (D:7)
  2 iguanas
  4 orc wizards
  A hound skeleton (D:5)
  Robin (D:2)
  27 gnolls
  An adder (D:6)
  A shadow imp (D:7)
  2 white imps (D:6)
  An ufetubus (D:7)
  2 dart slugs
  37 orcs
  5 endoplasms
  2 giant cockroaches
  13 goblins
  10 hobgoblins
  10 jackals (D:5)
  3 quokkas
  5 ball pythons
  7 bats
  3 frilled lizards (D:1)
  6 kobolds
  4 rats
207 creatures vanquished.

Vanquished Creatures (others)
  A plant (D:5)
1 creature vanquished.

Grand Total: 208 creatures vanquished

Notes
Turn   | Place    | Note
-------+----------+-------------------------------------------
     0 | D:1      | MisterFreud the Gnoll Fighter began the quest for the Orb.
     0 | D:1      | Reached XP level 1. HP: 23/23 MP: 1/1
   209 | D:1      | Reached XP level 2. HP: 25/29 MP: 2/2
   788 | D:2      | Found Raihef's Jewellery Shoppe.
   807 | D:2      | Reached XP level 3. HP: 33/35 MP: 3/3
  1095 | D:2      | Found a faded altar of an unknown god.
  1104 | D:2      | Became a worshipper of Kikubaaqudgha
  1104 | D:2      | Reached * piety under Kikubaaqudgha
  1104 | D:2      | Received a gift from Kikubaaqudgha
  1185 | D:2      | Reached skill level 1 in Invocations
  1195 | D:2      | Noticed Robin
  1212 | D:2      | Killed Robin
  1213 | D:2      | Reached skill level 1 in Long Blades
  1213 | D:2      | Reached skill level 1 in Axes
  1213 | D:2      | Reached skill level 1 in Maces & Flails
  1213 | D:2      | Reached skill level 1 in Polearms
  1213 | D:2      | Reached skill level 1 in Staves
  1213 | D:2      | Reached skill level 1 in Slings
  1213 | D:2      | Reached skill level 1 in Bows
  1213 | D:2      | Reached skill level 1 in Crossbows
  1213 | D:2      | Reached skill level 1 in Throwing
  1213 | D:2      | Reached skill level 1 in Dodging
  1213 | D:2      | Reached skill level 1 in Stealth
  1213 | D:2      | Reached skill level 1 in Unarmed Combat
  1213 | D:2      | Reached skill level 1 in Spellcasting
  1213 | D:2      | Reached skill level 1 in Evocations
  1400 | D:2      | Found a glowing golden altar of the Shining One.
  1461 | D:2      | Reached XP level 4. HP: 36/41 MP: 5/5
  1946 | D:3      | Found a sparkling altar of Nemelex Xobeh.
  2539 | D:4      | Reached skill level 1 in Conjurations
  2539 | D:4      | Reached skill level 1 in Hexes
  2539 | D:4      | Reached skill level 1 in Summonings
  2539 | D:4      | Reached skill level 1 in Necromancy
  2539 | D:4      | Reached skill level 1 in Translocations
  2539 | D:4      | Reached skill level 1 in Transmutations
  2539 | D:4      | Reached skill level 1 in Fire Magic
  2539 | D:4      | Reached skill level 1 in Ice Magic
  2539 | D:4      | Reached skill level 1 in Air Magic
  2539 | D:4      | Reached skill level 1 in Earth Magic
  2539 | D:4      | Reached skill level 1 in Poison Magic
  2759 | D:4      | Noticed a phantom
  2778 | D:4      | Killed a phantom
  2779 | D:4      | Reached XP level 5. HP: 37/47 MP: 5/7
  3273 | D:5      | Entered Level 5 of the Dungeon
  3380 | D:5      | Reached XP level 6. HP: 41/53 MP: 8/8
  3468 | D:5      | Reached ** piety under Kikubaaqudgha
  3708 | D:5      | Noticed Grinder
  3714 | D:5      | Paralysed by Grinder for 7 turns
  3728 | D:5      | Killed Grinder
  3729 | D:5      | Reached skill level 5 in Short Blades
  3729 | D:5      | Reached XP level 7. HP: 20/60 MP: 8/10
  3938 | D:5      | Found an opulent altar of Gozag.
  4055 | D:5      | Found a staircase to the Ecumenical Temple.
  4622 | D:6      | Reached XP level 8. HP: 47/67 MP: 12/12
  5353 | D:6      | Noticed Dowan
  5354 | D:6      | Noticed Duvessa
  5363 | D:6      | Killed Duvessa
  5368 | D:6      | Killed Dowan
  5467 | D:6      | Reached XP level 9. HP: 72/72 MP: 14/14
  5940 | D:5      | Found a radiant altar of Vehumet.
  5979 | D:5      | Found a burning altar of Makhleb.
  5983 | D:5      | Found a glowing golden altar of the Shining One.
  6740 | D:5      | Reached *** piety under Kikubaaqudgha
  6740 | D:5      | Received a gift from Kikubaaqudgha
  7199 | D:5      | Found an iron altar of Okawaru.
  7474 | D:7      | Found a large runed translucent door.
  7475 | D:7      | Found a large runed translucent door.
  7478 | D:7      | Noticed MeltyBlood's ghost (novice VSFi)
  7520 | D:7      | Noticed Harold
  7558 | D:7      | Killed Harold
  7559 | D:7      | Reached skill level 5 in Invocations
  7768 | D:7      | Reached XP level 10. HP: 30/77 MP: 17/17
  7776 | D:7      | Reached **** piety under Kikubaaqudgha
  8734 | D:8      | Reached skill level 5 in Long Blades
  8734 | D:8      | Reached skill level 5 in Axes
  8734 | D:8      | Reached skill level 5 in Maces & Flails
  8734 | D:8      | Reached skill level 5 in Polearms
  8734 | D:8      | Reached skill level 5 in Staves
  8734 | D:8      | Reached skill level 5 in Slings
  8734 | D:8      | Reached skill level 5 in Bows
  8734 | D:8      | Reached skill level 5 in Crossbows
  8734 | D:8      | Reached skill level 5 in Throwing
  8734 | D:8      | Reached skill level 5 in Dodging
  8734 | D:8      | Reached skill level 5 in Stealth
  8734 | D:8      | Reached skill level 5 in Unarmed Combat
  8734 | D:8      | Reached skill level 5 in Spellcasting
  8734 | D:8      | Reached skill level 5 in Evocations
  9886 | D:8      | Found a staircase to the Lair.
 10302 | D:8      | Found a sacrificial altar of Ru.
 10867 | D:9      | Found a broken altar of Ashenzari.
 10870 | D:9      | Paralysed by a hornet for 3 turns
 10876 | D:9      | Paralysed by a hornet for 3 turns
 10881 | D:9      | HP: 4/82 [hornet (12)]
 10884 | D:9      | Slain by a hornet

Illustrated notes

Levels and vault maps discovered:
D:1:      kennysheep_arrival_seaside, layout_basic,
          hangedman_abyss_or_decor_lesser_grid
D:2:      layout_loops_ring, hellmonk_ecumenical_altar_slurped_away,
          serial_shops, shop, basic_altar, uniq_robin
D:3:      layout_loops_ring, mainiacjoe_overflow_24_doors
D:4:      layout_rooms, hangedman_decor_lopped
D:5:      lemuel_castle_with_subvaults [lemuel_castle_interior_carwin_1],
          layout_loops_cross, okawaru_altar_gauntlet_db,
          minmay_overflow_temple_star_quad,
          nicolae_gozag_cash_rules_everything_around_me,
          minmay_temple_entry_slanted, uniq_grinder
D:6:      layout_loops_ring, uniq_duvessa
D:7:      layout_loops_cross, ebering_ghost_disaster_area, uniq_harold
D:8:      layout_rooms, nicolae_ru_great_annihilating_truth,
          nicolae_overflow_hidden_temple, lair_entry_dummy
D:9:      layout_irregular_city, chei_slow_surprise,
          mainiacjoe_overflow_concentric_impassable, uniq_prince_ribbit1,
          uniq_maggie

Skill      XL: |  1  2  3  4  5  6  7  8  9 10 |
---------------+-------------------------------+-----
Invocations    | 1 2 3 4 5 6 |  6.0
Long Blades    | 1 2 3 4 5 |  5.4
Axes           | 1 2 3 4 5 |  5.4
Maces & Flails | 1 2 3 4 5 |  5.4
Polearms       | 1 2 3 4 5 |  5.4
Staves         | 1 2 3 4 5 |  5.4
Slings         | 1 2 3 4 5 |  5.4
Bows           | 1 2 3 4 5 |  5.4
Crossbows      | 1 2 3 4 5 |  5.4
Throwing       | 1 2 3 4 5 |  5.4
Dodging        | 1 2 3 4 5 |  5.4
Stealth        | 1 2 3 4 5 |  5.4
Unarmed Combat | 1 2 3 4 5 |  5.4
Spellcasting   | 1 2 3 4 5 |  5.4
Evocations     | 1 2 3 4 5 |  5.4
Conjurations   | 1 2 3 4 |  4.5
Hexes          | 1 2 3 4 |  4.5
Summonings     | 1 2 3 4 |  4.5
Necromancy     | 1 2 3 4 |  4.5
Translocations | 1 2 3 4 |  4.5
Transmutations | 1 2 3 4 |  4.5
Fire Magic     | 1 2 3 4 |  4.5
Ice Magic      | 1 2 3 4 |  4.5
Air Magic      | 1 2 3 4 |  4.5
Earth Magic    | 1 2 3 4 |  4.5
Poison Magic   | 1 2 3 4 |  4.5
Fighting       | 7 8 |  8.6
Short Blades   | 5 6 7 |  7.2
Armour         | 7 8 |  8.6
Shields        | 7 8 |  8.6

Action                   |  1- 3 |  4- 6 |  7- 9 | 10-12 || total
-------------------------+-------+-------+-------+-------++-------
Melee: Rapier            |   127 |   123 |   435 |    45 ||   730
       Bite              |     9 |    14 |    43 |    17 ||    83
       Hand axe          |       |       |       |   127 ||   127
Throw: Dart              |       |       |    34 |       ||    34
Evoke: Wand              |       |       |       |     2 ||     2
  Use: Scroll            |       |     3 |     3 |     1 ||     7
       Potion            |       |     1 |       |     2 ||     3
 Stab: Distracted        |       |       |     1 |       ||     1
       Invisible         |       |       |       |     1 ||     1
       Paralysed         |       |       |       |     1 ||     1
       Sleeping          |       |       |       |     1 ||     1
Armor: Scale mail        |    41 |    44 |   144 |    77 ||   306
Dodge: Dodged            |    24 |    25 |   131 |    73 ||   253
Block: Kite shield       |    54 |    56 |   220 |   111 ||   441
